[Event "*** Titled Tuesday Blitz"]
[Site "Chess.com"]
[Date "2019.09.03"]
[Round "8"]
[White "Roman_Ovetchkin"]
[Black "Thjop"]
[Result "1-0"]
[WhiteElo "2757"]
[BlackElo "2577"]
[TimeControl "180+2"]
[EndTime "16:53:59 PDT"]
[Termination "Roman_Ovetchkin won by resignation"]

1. d4 Nf6 2. c4 g6 3. Nc3 Bg7 4. e4 d6 5. Nf3 O-O 6. Be2 e5 7. d5 a5 8. Bg5 h6 9. Be3 Ng4 10. Bd2 Na6 11. h3 Nf6 12. Be3 Nd7 13. Qd2 Kh7 14. g4 Ndc5 15. h4 f5 16. h5 f4 17.
hxg6+ Kxg6 18. Bxc5 Nxc5 19. Nh4+ Kf7 20. Bf3 Bf6 21. Nf5 Bxf5 22. gxf5 Bg5 23. Qe2 Qf6 24. O-O-O Ke7 25. Kb1 Kd8 26. b3 Rg8 27. Qc2 Rg7 28.
a3 a4 29. b4 Nb3 30. Nb5 Nd4 31. Nxd4 exd4 32. Qd3 b6 33. Ka2 Qe5 34. Rc1 c5 35. dxc6 Kc7 36. b5 Ra7 37. Rhg1 Ra8 38. Rcd1 Rag8 39.
Qxd4 Qxd4 40. Rxd4 Bf6 41. Rxg7+ Rxg7 42. Rd1 h5 43.
Bxh5 Rg2 44. Rf1 Bd4 45. Bf3 Rh2 46. Kb1 Be5 47. Kc2 Bd4 48. Kd3 Be5 49. Ke2 Bd4 50. Kd3 Be5 51. Bd1 Rh3+ 52. f3 Rh2 53. Bxa4 Ra2 54.
Bb3 Rxa3 55. Kc2 Ra8 56. Rh1 Rh8 57. Rxh8 Bxh8 58. Kd1 Be5 59. Ke2 d5 60. exd5 Kd8 61.
c5 Kc7 62. cxb6+ Kxb6 63. Bc4 Kc7 64. Kd3 Bf6 65. Ke4 1-0

[Event "*** Titled Tuesday Blitz"]
[Site "Chess.com"]
[Date "2019.09.03"]
[Round "8"]
[White "JAN2404"]
[Black "HanSchut"]
[Result "0-1"]
[WhiteElo "1689"]
[BlackElo "2207"]
[TimeControl "180+2"]
[EndTime "16:54:04 PDT"]
[Termination "HanSchut won on time"]

1. c4 c5 2. Nc3 Nc6 3. Nf3 Nf6 4. g3 d5 5. cxd5 Nxd5 6. Bg2 Nc7 7. d3 e5 8. O-O Be7 9. Bd2 Be6 10. Rc1 Qd7 11. a3 Rc8 12. Ne4 b6 13. Neg5 Bxg5 14. Nxg5 Bd5 15.
Ne4 h6 16. Bc3 O-O 17. Qa4 Rfd8 18. b4 Nd4 19. Qd1 Bb3 20. Qd2 cxb4 21. Bxb4 Be6 22. Nd6 Nb3 23. Qc2 Nxc1 24. Nxc8 Nxe2+ 25. Qxe2 Rxc8 26.
Qxe5 Nd5 27. Bd2 Ne7 28. d4 Rd8 29. Bc3 Bd5 30. Re1 Ng6 31. Qe3 Bxg2 32. Kxg2 Qd5+ 33. f3 Kh7 34. Bb2 Rc8 35. Re2 Qg5 36. Qxg5 hxg5 37. d5 Rd8 38. Rd2 f6 39. Kf2 Kg8 40. d6 Kf7 41.
Ke3 Ke6 42. Ke4 Rxd6 43. Rxd6+ Kxd6 44. Kf5 Ne7+ 45. Kg4 Ke6 46. a4 Nd5 47. Kh5 Kf7 48.
Ba3 Ne3 49. h4 gxh4 50. gxh4 Nc4 51. Bb4 a5 52. Be1 Nb2 53. f4 Nxa4 54. Kg4 Nc5 55. h5 Nd3 56. Bd2 a4 57. f5 b5 58. h6 gxh6 59. Bxh6 b4 60. Be3 b3 61. Bd4 b2 0-1

[Event "*** Titled Tuesday Blitz"]
[Site "Chess.com"]
[Date "2019.09.03"]
[Round "8"]
[White "RU_B9"]
[Black "babero_gordo"]
[Result "1-0"]
[WhiteElo "1721"]
[BlackElo "2157"]
[TimeControl "180+2"]
[EndTime "16:54:19 PDT"]
[Termination "RU_B9 won by resignation"]

1. c4 e6 2. Nf3 d5 3. e3 Nf6 4.
Nc3 Be7 5. b3 O-O 6. Bb2 c5 7.
cxd5 exd5 8. d4 Nc6 9. Be2 h6 10. O-O Be6 11. a3 Re8 12. dxc5 Bxc5 13. b4 Bf8 14.
Rc1 Qd7 15. Bb5 a6 16. Be2 Ne4 17. Nxe4 dxe4 18. Qxd7 Bxd7 19. Nd4 Rac8 20. Nxc6 Bxc6 21. Bg4 Rcd8 22. Rfd1 Ba4 23. Rd4 Rxd4 24. Bxd4 g6 25. Be2 Bc6 26. Bxa6 Ra8 27. b5 Bd5 28. Bc5 bxa6 29.
Bxf8 Kxf8 30. b6 Rb8 31. Rb1 Ke7 32. h4 Kd6 33. a4 a5 34. Rb5 Bc6 35. Rxa5 Rxb6 36.
Ra7 Rb7 37. Ra5 Rb4 38. Ra7 Rb7 39. Ra5 f5 40. h5 Be8 41. hxg6 Bxg6 42. Ra6+ Ke5 43.
Rxg6 Rb4 44. Rxh6 Rxa4 45. g3 Ra1+ 46. Kg2 Ra2 47. Rb6 Rd2 48. Rg6 Ra2 49. g4 fxg4 50.
Rxg4 Ra4 51. Rg5+ Kf6 52. Rg4 Kf5 53. Rf4+ Ke5 54. Kg3 Ra8 55. f3 exf3 56. Kxf3 Ra3 57. Rh4 Ke6 58. Rh5 Ra4 59. e4 Ra3+ 60. Kf4 Ra1 61. Rh6+ Ke7 62. Kf5 Ra5+ 63. e5 Ra1 64.
Rh7+ Ke8 65. Kf6 Ra6+ 66. e6 Kd8 67. Rh8+ Kc7 68. Kf7 Ra1 69. e7 Rf1+ 70. Ke8 Kd6 71. Rh6+ Kc7 72. Rh3 Kd6 73. Kd8 Ra1 74. Rd3+ Kc6 75.
e8=Q+ 1-0

[Event "*** Titled Tuesday Blitz"]
[Site "Chess.com"]
[Date "2019.09.03"]
[Round "8"]
[White "Sanan_Sjugirov"]
[Black "BASSU1"]
[Result "1/2-1/2"]
[WhiteElo "2871"]
[BlackElo "2590"]
[TimeControl "180+2"]
[EndTime "16:54:22 PDT"]
[Termination "Game drawn by repetition"]

1. e4 e5 2. Nf3 Nc6 3. Bb5 g6 4.
c3 Bg7 5. d4 exd4 6. cxd4 a6 7.
Bxc6 dxc6 8. Nc3 Bg4 9. Be3 Ne7 10. h3 Bxf3 11. Qxf3 f5 12. e5 Qd7 13. O-O-O O-O-O 14. Bg5 h6 15. Bxe7 Qxe7 16. Qe3 Kb8 17. f4 g5 18. g3 gxf4 19. gxf4 Qe6 20. Kb1 Bf8 21. Rhg1 Be7 22. Ne2 Rhg8 23. Qb3 Qxb3 24. axb3 Bh4 25. Kc2 Kc8 26. Rdf1 Kd7 27. d5 cxd5 28. Nd4 Rdf8 29.
Rxg8 Rxg8 30. Nxf5 Rg2+ 31. Kc3 Bf2 32. Nxh6 c5 33. Kd3 Rh2 34. f5 Rxh3+ 35. Ke2 Bd4 36. Ng4 Rxb3 37. f6 Rxb2+ 38. Kd3 Rb3+ 39. Kc2 Rb2+ 40.
Kc1 Ra2 41. Rf3 Ra1+ 42. Kc2 Ra2+ 43. Kc1 Ra1+ 44. Kd2 Ra2+ 45. Kd1 Ra1+ 46. Kc2 Ra2+ 47. Kd1 Ra1+ 48. Ke2 Ra2+ 49. Kf1 Ra1+ 50. Ke2 Ra2+ 51. Ke1 Ra1+ 52. Kd2 Ra2+ 53. Kd1 1/2-1/2

[Event "*** Titled Tuesday Blitz"]
[Site "Chess.com"]
[Date "2019.09.03"]
[Round "8"]
[White "nitpicker"]
[Black "Chigorinetz"]
[Result "0-1"]
[WhiteElo "2246"]
[BlackElo "2560"]
[TimeControl "180+2"]
[EndTime "16:54:23 PDT"]
[Termination "Chigorinetz won on time"]

1. d4 d5 2. c4 Nc6 3. cxd5 Qxd5 4. e3 e5 5. Nc3 Bb4 6. Bd2 Bxc3 7. Bxc3 exd4 8.
Ne2 Nf6 9. Nxd4 O-O 10. Be2 Ne4 11. Bf3 Ne5 12. Bxe4 Qxe4 13. O-O Re8 14. Nb5 Bg4 15.
Qd4 Qxd4 16. Bxd4 Be2 17. Nxc7 Bxf1 18. Nxa8 Rxa8 19. Kxf1 Nc6 20. Ke2 f6 21. a3 Kf7 22.
Kd3 Ke6 23. Rc1 Rd8 24. f3 h5 25. b4 a6 26. Rc5 g6 27. Rc1 Rc8 28. Rc3 Rd8 29. Rb3 f5 30. Rc3 f4 31. Ke4 fxe3 32.
Bxe3 Rd5 33. Rc5 Rd1 34. b5 Ne7 35. Bg5 Nf5 36. bxa6 Nd6+ 37. Ke3 bxa6 38. Rc6 Kd5 39. Rxa6 Rg1 40. Kf2 Ra1 41. Bf4 Ra2+ 42. Kg3 Nf5+ 43. Kh3 Kd4 44. Rxg6 Rxa3 45. Rg5 Nh6 46. Rxh5 Nf7 47.
Rf5 Nd8 48. Kg3 Ne6 49. Be5+ Ke3 50. h4 Ra8 51. h5 Rg8+ 52. Kh2 Kf2 53. g4 Rc8 54. Bg3+ Kf1 55. Kh3 Nd4 56. Kh4 Nxf5+ 57. gxf5 Kg2 58. Bf4 Kxf3 59. Bg5 Rc2 60. Be7 Kf4 61.
Bd6+ Kxf5 62. Bg3 Rc4+ 63. Kh3 Rc3 64. Kh4 Rc1 65. Kh3 Rc2 66. Kh4 Rc8 0-1

[Event "*** Titled Tuesday Blitz"]
[Site "Chess.com"]
[Date "2019.09.03"]
[Round "8"]
[White "jcibarra"]
[Black "kosmeg"]
[Result "1-0"]
[WhiteElo "2796"]
[BlackElo "2428"]
[TimeControl "180+2"]
[EndTime "16:54:29 PDT"]
[Termination "jcibarra won by checkmate"]

1. e4 e5 2. Nf3 Nc6 3. d4 exd4 4. Nxd4 Bc5 5. Nb3 Bb6 6. Qe2 a5 7. Nc3 a4 8. Nd2 a3 9. Nc4 axb2 10. Bxb2 Bd4 11.
O-O-O Nge7 12. Rxd4 Nxd4 13. Qd2 Ne6 14. Nd5 O-O 15. f4 Nxd5 16. exd5 Rxa2 17. dxe6 fxe6 18. Bd3 b6 19. Re1 Bb7 20. Kb1 Ra4 21. g3 Bd5 22.
Ne3 Bc6 23. Ng4 Qe7 24. Qc3 Rfa8 25. Nh6+ Kf8 26. Nf5 Qf6 27. Nxg7 Qxc3 28. Bxc3 h6 29. Nh5 Kf7 30. Nf6 b5 31. Ng4 Bd5 32. Nxh6+ Ke8 33.
Ng4 b4 34. Bb2 Kf8 35. Nf6 Bc6 36. h4 b3 37. c4 Ra2 38. h5 Kf7 39. Bg6+ Kg7 40.
Ng4+ Kf8 41. h6 Bf3 42. h7 Rxb2+ 43. Kxb2 Kg7 44. Ne5 Bb7 45. Bb1 d6 46. Ng4 e5 47.
fxe5 d5 48. cxd5 Bxd5 49. e6 c5 50. e7 Bf7 51. Ne5 Be8 52. Rh1 Kh8 53. Bg6 c4 54. Bxe8 Ra2+ 55. Kc3 Rc2+ 56. Kb4 b2 57.
Nf7+ Kg7 58. h8=Q+ Kg6 59. Qh7+ Kf6 60. Qh4+ Ke6 61.
Re1+ Kd5 62. Bc6+ Kxc6 63. e8=Q+ Kb6 64. Re6+ Kb7 65. Nd6+ Kb6 66. Nxc4+ Kb7 67. Qhe7# 1-0

[Event "*** Titled Tuesday Blitz"]
[Site "Chess.com"]
[Date "2019.09.03"]
[Round "8"]
[White "Gattass"]
[Black "Bladel"]
[Result "0-1"]
[WhiteElo "2350"]
[BlackElo "2627"]
[TimeControl "180+2"]
[EndTime "16:54:31 PDT"]
[Termination "Bladel won by resignation"]

1. d4 e6 2. c4 Nf6 3. Nf3 b6 4. g3 Bb7 5. Bg2 Be7 6. O-O O-O 7. Nc3 Ne4 8. Qc2 Nxc3 9. Qxc3 Be4 10. Re1 d6 11.
Bh3 c5 12. Nd2 cxd4 13. Qxd4 Bb7 14. Bg2 Nc6 15. Qd3 Ne5 16. Qe3 Bxg2 17. Kxg2 Bf6 18. Rb1 Qc7 19. b3 d5 20. cxd5 exd5 21. Bb2 Rfe8 22. Bxe5 Bxe5 23. Qd3 Rad8 24. Rbc1 Qb7 25. Nf3 Bd6 26. Nd4 Bc5 27. Nf3 d4 28. Rc4 a5 29.
Kg1 Qe4 30. Qxe4 Rxe4 31. Kf1 Rde8 32. Ng1 f5 33. Rd1 f4 34. f3 fxg3 35. hxg3 Re3 36. Rc2 a4 37. bxa4 Ra3 38. Nh3 Rxa4 39. Nf4 Rea8 40.
Rdd2 Kf7 41. Nd3 R8a5 42. Kg2 Ke6 43. f4 h5 44. Kf3 Ra3 45. Ke4 g6 46. Rb2 Rc3 47.
Nxc5+ bxc5 48. Rb6+ Kf7 49. Rb7+ Kf6 50. Rb6+ Kg7 51.
Rb7+ Kh6 52. Rd3 Rxa2 53. Rxc3 dxc3 54. Kd3 c2 55. Kd2 Ra3 56. Rc7 Rc3 57. Kc1 c4 58. Rc6 Rxg3 59. f5 h4 60. fxg6 h3 61. Rxc4 Kh5 62.
Rc5+ Kxg6 63. Rc8 h2 64. Rg8+ Kf5 65. Rxg3 h1=Q+ 66. Kxc2 Qe1 67. Rg2 Kf4 68. Kb2 Ke3 69. Rh2 Kd2 70. Kb3 Qg3+ 0-1

[Event "*** Titled Tuesday Blitz"]
[Site "Chess.com"]
[Date "2019.09.03"]
[Round "8"]
[White "SanchezKelvin"]
[Black "temus_galaktionov"]
[Result "1-0"]
[WhiteElo "2435"]
[BlackElo "2586"]
[TimeControl "180+2"]
[EndTime "16:54:39 PDT"]
[Termination "SanchezKelvin won by resignation"]

1. d4 c6 2. c4 g6 3. Nc3 Bg7 4. e4 d6 5. Nf3 Nd7 6. Be2 e5 7. d5 c5 8. h3 Ne7 9. g4 f6 10. Be3 a6 11. Nd2 Ng8 12. h4 Bh6 13. Nf1 Bxe3 14. Nxe3 Nh6 15. h5 g5 16. Nf5 Nxf5 17.
exf5 Ke7 18. Bd3 Qa5 19. f3 Nb8 20. Kf2 Bd7 21. a4 Ra7 22. Qc2 Rc8 23. Ne4 Be8 24.
b3 Nd7 25. Qe2 Nf8 26. h6 Rb8 27. Qe3 Bf7 28. Rhb1 Nd7 29. b4 Qc7 30. a5 Raa8 31. b5 axb5 32. Rxb5 Ra6 33. Qd2 Rba8 34. Rab1 R8a7 35.
Qb2 Rxa5 36. Rxb7 Rxb7 37. Qxb7 Ra2+ 38. Kg3 Ra7 39. Qxc7 Rxc7 40. Ra1 Nb6 41. Ra6 Nc8 42. Nc3 Be8 43. Ra8 Bd7 44. Kf2 Rb7 45. Nb5 Bxb5 46. Rxc8 Be8 47. Ke3 Kd7 48. Ra8 Ke7 49. Bc2 Rc7 50.
Kd2 Rb7 51. Kc3 Rc7 52. Ba4 Bxa4 53. Rxa4 Rb7 54. Ra8 Rb1 55. Rh8 Rf1 56. Rxh7+ Kf8 57. Rd7 Rxf3+ 58. Kd2 Rg3 59. h7 Rh3 60. Rxd6 Kg7 61.
Rd7+ Kh8 62. Rc7 Rh4 63. d6 Rxg4 64. d7 Rd4+ 65. Ke3 g4 66. Rc8+ Kxh7 67. d8=Q 1-0

[Event "*** Titled Tuesday Blitz"]
[Site "Chess.com"]
[Date "2019.09.03"]
[Round "8"]
[White "Valuebet2000"]
[Black "FedaMaster"]
[Result "1-0"]
[WhiteElo "2505"]
[BlackElo "2589"]
[TimeControl "180+2"]
[EndTime "16:54:41 PDT"]
[Termination "Valuebet2000 won by resignation"]

1. e4 d5 2. exd5 Qxd5 3. Nc3 Qd6 4. d4 Nf6 5. Bd3 Bg4 6. Nge2 Nc6 7. f3 Bh5 8. Bf4 Qd7 9. Qd2 O-O-O 10. O-O-O e6 11.
Bb5 a6 12. Ba4 Bg6 13. h4 h6 14. Be3 Bb4 15. Nf4 Bh7 16. a3 Ba5 17. b4 Bb6 18. Qf2 Qd6 19. d5 exd5 20. Nfxd5 Bxe3+ 21. Qxe3 Nxd5 22. Rxd5 Qg6 23. h5 Qf6 24. Rhd1 Rxd5 25. Rxd5 b5 26. Bb3 Rd8 27. Qc5 Rxd5 28. Nxd5 Qa1+ 29. Kd2 Qd4+ 30. Qxd4 Nxd4 31. Kc3 Nxb3 32. Kxb3 Kd7 33. c4 Bf5 34. Ne3 Be6 35. Kc3 bxc4 36. Nxc4 f6 37.
Kd4 Bf7 38. Ne3 Ke6 39. g4 Be8 40. Nf5 Kf7 41. Kc5 Ba4 42. Nd4 Ke7 43. b5 axb5 44.
Nxb5 Kd7 45. Nc3 Bc6 46. Ne4 Ba4 47. Kb4 Bd1 48. Nd2 Kd6 49. a4 Kc6 50. a5 Be2 51. Ka4 Kc5 52. Nb3+ Kd5 53. Nd2 Kd4 54. Kb4 c5+ 55.
Kb3 c4+ 56. Kb4 c3 57. Nb3+ Kd3 58. Nc1+ Kd2 59. Nxe2 c2 60. Kb3 f5 61. gxf5 Kxe2 62.
Kxc2 Kxf3 63. a6 Kg4 64. a7 Kxh5 65. a8=Q Kg5 66. Qg8 Kxf5 1-0

[Event "*** Titled Tuesday Blitz"]
[Site "Chess.com"]
[Date "2019.09.03"]
[Round "8"]
[White "ecwinslow"]
[Black "TreabharMakernes"]
[Result "0-1"]
[WhiteElo "2068"]
[BlackElo "2366"]
[TimeControl "180+2"]
[EndTime "16:54:45 PDT"]
[Termination "TreabharMakernes won by resignation"]

1. d4 Nf6 2. c4 e6 3. Nc3 Bb4 4. e3 O-O 5. Bd3 d5 6. Nf3 c5 7. O-O Nc6 8. a3 Bxc3 9. bxc3 dxc4 10. Bxc4 Qc7 11. Bb5 a6 12. Bd3 e5 13. Qc2 Re8 14.
e4 exd4 15. cxd4 cxd4 16. Nxd4 Ng4 17. Nf3 Nge5 18. Nxe5 Qxe5 19. Bb2 Qh5 20. f3 Be6 21. Qc3 Qh6 22. f4 Rad8 23. Rae1 Nd4 24. f5 Bc8 25. e5 Qb6 26. Kh1 Qb3 27. e6 fxe6 28. Bc4 Qxc3 29.
Bxc3 b5 30. Ba2 Nc2 31. Re2 Nxa3 32. fxe6 Nc4 33. Rf7 Rd1+ 34. Be1 Bxe6 35. Rf1 h5 36. h3 Ra1 37. Kh2 a5 38. Bxc4 bxc4 39. Rf4 a4 40. Bc3 Rc1 41. Re3 a3 42. Rf2 Bf7 43. Rg3 g6 44.
Ra2 Rd1 45. Rxa3 Rd3 46. Ra7 Rxg3 47. Kxg3 g5 48. Kf3 Kh7 49. Ra6 Kg8 50. Ra5 g4+ 51. hxg4 hxg4+ 52. Kxg4 Re2 53. g3 Kf8 54. Bf6 Ke8 55.
Ra8+ Kd7 56. Rd8+ Kc7 57. Ra8 Be6+ 58. Kf4 Rc2 59. g4 Bd5 60. g5 Bxa8 61. g6 Bd5 62. Ke5 Bg8 63. Be7 Kb6 64. Kf6 Kb5 65. Kg7 Bd5 66.
Bf6 Kb4 67. Kf8 Kb3 68. g7 c3 69. g8=Q Bxg8 70. Kxg8 Rg2+ 71. Kf8 Rf2 0-1

[Event "*** Titled Tuesday Blitz"]
[Site "Chess.com"]
[Date "2019.09.03"]
[Round "8"]
[White "VladDobrov"]
[Black "MarcoRiehle"]
[Result "1-0"]
[WhiteElo "2881"]
[BlackElo "2695"]
[TimeControl "180+2"]
[EndTime "16:54:51 PDT"]
[Termination "VladDobrov won on time"]

1. d4 d5 2. c4 e6 3. Nc3 c5 4. cxd5 cxd4 5. Qxd4 Nc6 6. Qd1 exd5 7. Qxd5 Be6 8. Qxd8+ Rxd8 9. e3 Nb4 10. Bb5+ Ke7 11. Ba4 Bc4 12. Nge2 b5 13. Bd1 Nd3+ 14. Kf1 b4 15. Ne4 f5 16. N4g3 g6 17. Bb3 Bxb3 18. axb3 Rd7 19. Nd4 Bg7 20. Ke2 Nc5 21. Rd1 Ke8 22. Bd2 Bxd4 23. Bxb4 Nxb3 24. Ra3 Nc1+ 25.
Rxc1 Bxb2 26. Rc8+ Kf7 27. Rb3 Be5 28. Bc3 Bxc3 29.
Rbxc3 Kg7 30. R3c7 Nf6 31. Rxd7+ Nxd7 32. Rc7 Rd8 33. Rxa7 Kg8 34. f3 Ne5 35. Ra5 Nc4 36. Ra2 Re8 37. e4 fxe4 38. Nxe4 Nd6 39. Ke3 Nxe4 40.
fxe4 Re7 41. Kf4 Rf7+ 42. Ke5 Rf8 43. Kd6 Rd8+ 44. Ke7 Rd1 45. e5 h5 46. e6 Kg7 47.
Rf2 g5 48. Rf7+ Kg6 49. Rf6+ Kg7 50. Rf5 Kg6 51. Rf2 Kg7 52. Ke8 Rd3 53. e7 h4 54. Rf5 Kg6 55. Kf8 Kxf5 56. e8=Q Rd2 57. Qe3 Rd6 58. Kg7 Rg6+ 59. Kh7 Re6 60. Qf3+ Ke5 61.
Kg7 Rd6 62. Qg4 Rd5 63. Qxg5+ Ke6 64. Qxh4 Rd7+ 65. Kg6 Rd5 66. Qe4+ 1-0

[Event "*** Titled Tuesday Blitz"]
[Site "Chess.com"]
[Date "2019.09.03"]
[Round "8"]
[White "amintabatabaei"]
[Black "Gordima"]
[Result "0-1"]
[WhiteElo "2905"]
[BlackElo "2859"]
[TimeControl "180+2"]
[EndTime "16:54:54 PDT"]
[Termination "Gordima won by resignation"]

1. e4 c5 2. Nf3 Nc6 3. Bb5 g6 4. Bxc6 bxc6 5. O-O Bg7 6. Re1 Nh6 7. c3 O-O 8. h3 c4 9. b3 cxb3 10. axb3 d6 11. d4 f6 12. c4 Nf7 13. Nc3 e5 14.
Be3 exd4 15. Nxd4 Bd7 16. Qd2 a6 17. Red1 Qb8 18. Ra3 Qb7 19. Na4 c5 20. Ne2 Bxa4 21. Rxa4 Qxb3 22. Ra2 Qxc4 23. f3 a5 24. Nf4 a4 25.
Rc1 Qb3 26. Rc3 Qb7 27. Rca3 Ne5 28. Rxa4 Nc4 29. Qd5+ Qxd5 30. Nxd5 Rxa4 31. Rxa4 Nxe3 32. Nxe3 f5 33. Nc4 fxe4 34. fxe4 Rd8 35. Ra6 d5 36. exd5 Rxd5 37. Rc6 Rf5 38. g4 Bd4+ 39. Kg2 Rf2+ 40. Kg3 Rf7 41. Nd2 Re7 42. Kf3 Re3+ 43. Kf4 Rxh3 44.
Ne4 Rh1 45. Rc8+ Kg7 46. Rc7+ Kf8 47. Nxc5 Rf1+ 48. Ke4 Bxc5 49. Rxc5 Kg7 50. g5 h5 51. Rc7+ Rf7 52. Rc1 Rf5 53. Rg1 Kf7 54. Rg2 Ke6 55. Rg1 Ra5 56. Rg2 Ra4+ 57. Kf3 Kf5 58. Rg1 Ra3+ 59.
Kf2 Kf4 60. Ke2 Ra2+ 61. Kd3 h4 62. Kd4 h3 63. Kd5 h2 64. Rh1 Kg3 65. Ke6 Ra6+ 66. Kf7 Kg2 67. Rb1 h1=Q 68. Rb2+ Kf3 69. Rb3+ Kg4 70. Rb4+ Kh5 71. Rb5 Qc6 72. Re5 Qd7+ 0-1

[Event "*** Titled Tuesday Blitz"]
[Site "Chess.com"]
[Date "2019.09.03"]
[Round "8"]
[White "matiss90"]
[Black "2nd_life"]
[Result "1/2-1/2"]
[WhiteElo "2535"]
[BlackElo "2391"]
[TimeControl "180+2"]
[EndTime "16:55:00 PDT"]
[Termination "Game drawn by repetition"]

1. e4 e5 2. Nf3 Nc6 3. d4 exd4 4. Nxd4 Bb4+ 5. c3 Be7 6. Nxc6 bxc6 7. Bd3 d6 8. O-O Nf6 9. f4 Nd7 10. Be3 O-O 11. Nd2 a5 12. Rf3 Re8 13. e5 Nf8 14.
f5 dxe5 15. Ne4 Ba6 16. Bxa6 Qxd1+ 17. Rxd1 Rxa6 18. b3 f6 19. g4 Raa8 20. Rff1 Red8 21. Kf2 Kf7 22. Ke2 a4 23. b4 Nd7 24. a3 Nb6 25. Bxb6 cxb6 26. c4 h5 27. h3 hxg4 28.
hxg4 Rxd1 29. Rxd1 Rh8 30. Rd7 Rh2+ 31. Nf2 Rg2 32.
Ra7 b5 33. cxb5 cxb5 34. Kf3 Rg1 35. Ne4 Ra1 36. Nd6+ Kf8 37. Ra8+ Bd8 38. Nxb5 Ke7 39. Ra7+ Ke8 40. Nd6+ Kf8 41. Rf7+ Kg8 42. Rd7 Rxa3+ 43. Ke4 Bb6 44. Nc4 Rb3 45. g5 fxg5 46. f6 gxf6 47. Kf5 Rxb4 48. Nd6 Rd4 49. Kxf6 Bc5 50. Rg7+ Kf8 51. Rf7+ Kg8 52. Nf5 Rf4 53. Kg6 Bf8 54.
Ra7 a3 55. Ra8 g4 56. Nh6+ Kh8 57. Nf7+ Kg8 58. Nh6+ Kh8 59. Nf7+ Kg8 60. Nh6+ 1/2-1/2

[Event "*** Titled Tuesday Blitz"]
[Site "Chess.com"]
[Date "2019.09.03"]
[Round "8"]
[White "TomPolgar"]
[Black "Th3ChessViking"]
[Result "0-1"]
[WhiteElo "2349"]
[BlackElo "2457"]
[TimeControl "180+2"]
[EndTime "16:55:11 PDT"]
[Termination "Th3ChessViking won on time"]

1. e4 e6 2. d4 d5 3. Nd2 Nf6 4. e5 Nfd7 5. Bd3 c5 6. c3 Nc6 7. Ne2 cxd4 8. cxd4 f6 9. exf6 Nxf6 10. O-O Bd6 11. Nf3 Qc7 12. Nc3 a6 13. Bd2 O-O 14. Rc1 Bd7 15. Re1 Rae8 16. Na4 g6 17. h3 Nh5 18. Ne5 Bxe5 19. dxe5 Nf4 20. Bf1 Qb8 21. Nc5 Bc8 22. Nxa6 Qa7 23. Nc5 Qxa2 24. Bxf4 Rxf4 25. Qd2 Rd4 26. Qc3 Qa5 27. Nb3 Qxc3 28. Rxc3 Rb4 29. g3 g5 30. Bg2 Rf8 31. Rd3 Rf7 32.
Re2 Bd7 33. Nc5 Bc8 34. b3 Rc7 35. Na4 Na5 36. Rb2 Bd7 37. Ra2 Rxb3 38. Rxb3 Nxb3 39. Nb6 Rc1+ 40. Kh2 Bc6 41. Ra8+ Kg7 42. Rc8 Rc2 43. Rc7+ Kg6 44. Kg1 Rc1+ 45. Kh2 Rc2 46. Kg1 Nd4 47.
Nd7 Bxd7 48. Rxd7 b5 49. Rb7 Rc1+ 50. Kh2 Rc2 51. Kg1 h5 52. Bf1 Rc1 53. Kg2 Rc3 54.
Bxb5 Rb3 55. Ba6 Rxb7 56. Bxb7 Kf5 57. h4 gxh4 58. gxh4 Kxe5 59. Kg3 Ne2+ 60. Kf3 Nf4 61. Bc8 Kf5 62. Ba6 Ng6 63. Kg3 e5 64. Bb7 Nf4 65.
f3 Ke6 66. Kf2 Kd6 67. Bc8 Kc5 68. Bf5 Kc4 0-1

[Event "*** Titled Tuesday Blitz"]
[Site "Chess.com"]
[Date "2019.09.03"]
[Round "8"]
[White "NTBT_DHS"]
[Black "Jospem"]
[Result "1/2-1/2"]
[WhiteElo "2721"]
[BlackElo "2918"]
[TimeControl "180+2"]
[EndTime "16:55:20 PDT"]
[Termination "Game drawn by repetition"]

1. d4 Nf6 2. Nc3 e6 3. Bg5 d5 4.
e4 Bb4 5. e5 h6 6. Bd2 Bxc3 7. bxc3 Ne4 8. Bd3 Nxd2 9. Qxd2 c5 10.
Nf3 Bd7 11. h4 Qa5 12. Rh3 c4 13. Be2 Nc6 14. Rg3 Kf8 15. h5 b5 16. Nh4 Rg8 17. Kf1 b4 18. cxb4 Qxb4 19. c3 Qa5 20. Kg1 Rb8 21.
a4 Qb6 22. Qf4 Ke8 23. Rf3 Nd8 24. Bd1 Qb2 25. Rc1 a5 26. Bc2 Qa3 27. Rg3 Bxa4 28. Bh7 Rh8 29. Rxg7 Rb3 30. Bg8 Qf8 31. Bxf7+ Nxf7 32. Qf6 Ng5 33. Ng6 Qxf6 34. exf6 Rh7 35. f7+ Nxf7 36.
Rxh7 Rb2 37. Ne5 Nxe5 38. dxe5 Bc2 39. Rxh6 Bf5 40. Rh8+ Kf7 41. Ra8 Ra2 42. f3 a4 43.
g4 Bd3 44. Ra7+ Kf8 45. g5 Re2 46. f4 Re4 47. g6 Rxf4 48. Kh2 Rh4+ 49. Kg3 Rxh5 50.
Kg4 Bxg6 51. Rf1+ Rf5 52. Rh1 Kg8 53. Rh6 Bf7 54. Rf6 Bh5+ 55. Kh4 Rxf6 56. exf6 Be8 57. Kg5 Kf8 58. Kf4 d4 59. cxd4 Bc6 60. Ke3 a3 61. Rxa3 Kf7 62. Kd2 Kxf6 63. Kc3 Bd5 64. Ra7 Kf5 65.
Rf7+ Ke4 66. Rf1 Ke3 67. Re1+ Kf4 68. Re5 Kf3 69. Kb4 Kf4 70. Kc3 Kg4 71. Re1 Kf3 72. Kd2 Kf2 73. Re5 Kf3 74. Re3+ Kf4 75. Re1 Be4 76.
Kc3 Bd5 77. Re5 1/2-1/2

[Event "*** Titled Tuesday Blitz"]
[Site "Chess.com"]
[Date "2019.09.03"]
[Round "8"]
[White "gena217"]
[Black "kuli4ik"]
[Result "0-1"]
[WhiteElo "2905"]
[BlackElo "2814"]
[TimeControl "180+2"]
[EndTime "16:55:28 PDT"]
[Termination "kuli4ik won by resignation"]

1. e4 g6 2. d4 Bg7 3. Nf3 d6 4. h3 c5 5. c3 Nf6 6. Bd3 O-O 7. O-O cxd4 8. cxd4 Nc6 9. Nc3 Bd7 10. Re1 Rc8 11.
e5 dxe5 12. dxe5 Ne8 13. Bf4 Nc7 14. Qd2 Nb4 15. Rad1 Bc6 16. Be2 Qxd2 17. Rxd2 Ncd5 18. Nxd5 Nxd5 19. Bg5 h6 20. Bh4 g5 21. Bg3 e6 22.
Nd4 Ne7 23. Nxc6 Nxc6 24. Rd7 b6 25. Bf3 a5 26. Rd6 Nb4 27. a3 Nc2 28. Re2 b5 29. Be4 Na1 30. Rd1 Nb3 31. f4 Rfd8 32. Rd6 Bf8 33.
Rxd8 Rxd8 34. h4 gxf4 35. Bxf4 Rd4 36. g3 b4 37. axb4 Rxb4 38. Kh2 Nc5 39. Bc2 Kg7 40. Bd2 Rxb2 41. Bxa5 Ra2 42. Bc3 Ne4 43. Bd4 Bc5 44.
Bxc5 Nxc5 45. Kh3 Nd7 46. Kg4 Nxe5+ 47. Rxe5 Rxc2 48. Ra5 Rc4+ 49. Kf3 Rd4 50. g4 Rd5 51. Ra7 h5 52. g5 Rd3+ 53. Kg2 Kg6 54. Ra4 Rd1 55.
Kf3 Rg1 56. Rb4 Rf1+ 57. Kg3 Rf5 58. Rc4 Rd5 59. Ra4 f6 60. gxf6 Kxf6 61. Rf4+ Kg6 62. Rf8 Rd3+ 63. Kf4 Rd4+ 64. Ke5 Rxh4 65. Kxe6 Re4+ 66.
Kd5 Ra4 67. Ke5 Kg5 68. Rf5+ Kg4 69. Rf8 h4 70. Rg8+ Kf3 71. Rf8+ Kg3 72. Rg8+ Rg4 73.
Rf8 h3 74. Rh8 h2 75. Kf5 Rh4 0-1

[Event "*** Titled Tuesday Blitz"]
[Site "Chess.com"]
[Date "2019.09.03"]
[Round "8"]
[White "PchelkinVK"]
[Black "MathiasWomacka"]
[Result "1-0"]
[WhiteElo "2481"]
[BlackElo "2194"]
[TimeControl "180+2"]
[EndTime "16:55:33 PDT"]
[Termination "PchelkinVK won by resignation"]

1. d4 Nf6 2. Nc3 d5 3. Bf4 a6 4. Nf3 e6 5. a3 c5 6. e3 Nc6 7. Bd3 Bd6 8. dxc5 Bxc5 9. O-O O-O 10. Qe2 Bd6 11. Bg5 h6 12. Bh4 Be7 13. Rad1 Qc7 14. e4 d4 15. e5 Nh5 16. Qe4 g6 17. Bxe7 Qxe7 18. Nxd4 Nxd4 19. Qxd4 Bd7 20. Bxg6 fxg6 21. Qxd7 Rae8 22. Qxe7 Rxe7 23. g3 Rc8 24. Rd2 g5 25.
Rfd1 Rc5 26. Re1 Kg7 27. Re4 Kg6 28. Kg2 Ng7 29. g4 Ne8 30. Rdd4 Nc7 31. Rc4 Rxc4 32.
Rxc4 Nd5 33. Ne2 Rd7 34. Rd4 Rc7 35. c4 Ne7 36. b3 Nc6 37. Rd6 Kf7 38. f4 gxf4 39.
Nxf4 Nxe5 40. Nxe6 Re7 41. Nd4 Nxg4 42. Nf5 Re5 43.
Nxh6+ Nxh6 44. Rxh6 b5 45. Rxa6 bxc4 46. bxc4 Rc5 47. Ra4 Kf6 48. Kf3 Ke5 49. Ke3 Rc8 50. h4 Rg8 51. h5 Rg3+ 52. Kf2 Rh3 53. Kg2 Rh4 54. Kg3 Rh1 55. Kg2 Rh4 56. Kg3 Rh1 57. Kg4 Rg1+ 58. Kf3 Rh1 59. Kg3 Kd4 60. Kg4 Kc5 61. Kg5 Rg1+ 62. Kh6 Rg4 63. Kh7 Rg1 64. h6 Rg2 65. Kh8 Rg1 66. h7 Rg2 67. Ra7 Kxc4 68. Rg7 Rd2 69. Kg8 Rd8+ 70. Kf7 Rh8 71. Kg6 Kb3 72. Rg8 1-0

[Event "*** Titled Tuesday Blitz"]
[Site "Chess.com"]
[Date "2019.09.03"]
[Round "8"]
[White "abubakrtagelsir"]
[Black "Cukiero"]
[Result "0-1"]
[WhiteElo "2251"]
[BlackElo "2403"]
[TimeControl "180+2"]
[EndTime "16:55:51 PDT"]
[Termination "Cukiero won by resignation"]

1. e4 c5 2. Nc3 d6 3. f4 g6 4. Nf3 Bg7 5. Bb5+ Bd7 6. Bc4 e6 7.
d4 cxd4 8. Nxd4 a6 9. Be3 Nc6 10. Qd2 b5 11. Bb3 b4 12. Nce2 Nf6 13. Ng3 O-O 14.
O-O-O a5 15. Rhe1 a4 16. Bc4 b3 17. cxb3 axb3 18. Bxb3 Na5 19. Kb1 Nxb3 20. Nxb3 Ra6 21. Bd4 Qa8 22. Nc1 Rc8 23. Bc3 Ba4 24. b3 Bc6 25.
Bb2 Nxe4 26. Nxe4 Bxe4+ 27. Rxe4 Qxe4+ 28. Qd3 Qxd3+ 29. Rxd3 Rac6 30. Ba3 d5 31. Rd2 Bf8 32. Bb2 Bb4 33. Re2 Bc3 34. Nd3 Bxb2 35. Kxb2 f6 36. a4 Kf7 37. b4 Rc4 38. Rd2 h6 39. a5 g5 40. g3 gxf4 41. gxf4 Ke7 42. Kb3 Rc3+ 43.
Ka4 Kd6 44. Nc5 R8xc5 45. bxc5+ Kxc5 46. Rb2 Rc1 47. Ra2 Rc4+ 48. Ka3 Kb5 49. Re2 Re4 50.
Rc2 Re3+ 51. Kb2 Kxa5 52. Rc7 Re2+ 53. Kc3 Rxh2 54. Rf7 f5 55. Rf6 Re2 56. Rxh6 Re4 57.
Rh4 Kb5 58. Kd3 Kc5 59. Rh6 Kd6 60. Rh4 Ra4 61. Kc3 Kc5 62. Kd3 Ra3+ 63. Ke2 Kd4 64. Rh6 Re3+ 65. Kf2 Re4 66. Kf3 Kd3 67. Rg6 d4 68. Rg8 Kd2 69. Ra8 d3 70. Ra2+ Kc1 71. Ra1+ Kb2 72. Ra8 d2 73. Rb8+ Kc3 74. Rc8+ Kd3 75.
Rd8+ Rd4 76. Rxd4+ Kxd4 0-1